 Dungeon Crawl Stone Soup version 0.29-a0-1047-g7c58e119a4 (webtiles) character file.

Game seed: 1899208472820194109

2 gelatine the Chopper (level 1, 0/16 HPs)
             Began as a Demonspawn Gladiator on Aug 16, 2022.
             Slain by a kobold
             ... wielding a +0 whip
              (5 damage)
             ... on level 1 of the Dungeon.
             The game lasted 00:00:09 (66 turns).

gelatine the Chopper (Demonspawn Gladiator)           Turns: 66, Time: 00:00:10

Health: 0/16       AC:  4    Str: 14    XL:     1   Next: 25%
Magic:  1/1        EV: 12    Int:  9    God:
Gold:   0          SH:  0    Dex: 14    Spells: 0/0 levels left

rFire   . . .      SeeInvis .   a - +0 war axe
rCold   . . .      Faith    .   (no shield)
rNeg    . . .      Spirit   .   b - +0 leather armour
rPois   .          Reflect  .   c - +0 helmet
rElec   .          Harm     .   (no cloak)
rCorr   .          Rampage  .   (no gloves)
Will    .....                   (no boots)
Stlth   +.........              (no amulet)
HPRegen 0.05/turn               (no ring)
MPRegen 0.07/turn               (no ring)

@: no status effects
A: no striking features
a: no special abilities


You were on level 1 of the Dungeon.
You visited 1 branch of the dungeon, and saw 1 of its levels.

Inventory:

Hand Weapons
 a - a +0 war axe (weapon)
Missiles
 d - 3 throwing nets (quivered)
 e - a javelin
Armour
 b - a +0 leather armour (worn)
 c - a +0 helmet (worn)


   Skills:
 + Level 2.0 Fighting
 + Level 2.8 Axes
 + Level 1.7 Throwing
 + Level 2.7 Dodging


You couldn't memorise any spells.
You didn't know any spells.
Your spell library was empty.

Dungeon Overview and Level Annotations

Branches:
Dungeon (1/15)

Altars:


Message History

You miss the frilled lizard. The frilled lizard misses you.
The frilled lizard bites you.
You hit the frilled lizard but do no damage.
The frilled lizard misses you.
You miss the frilled lizard.
The frilled lizard bites you but does no damage.
The frilled lizard barely misses you.
You barely miss the frilled lizard.
The frilled lizard bites you but does no damage.
You hit the frilled lizard.
The frilled lizard is heavily wounded.
The frilled lizard barely misses you.
You closely miss the frilled lizard.
The frilled lizard is heavily wounded.
The frilled lizard closely misses you. x2
You hit the frilled lizard.
You kill the frilled lizard!
The bat closely misses you. The bat misses you.
The bat hits you but does no damage. The bat hits you but does no damage. x2
You barely miss the bat. The bat hits you.
You slash the bat!
You kill the bat!
No target in view!
HP restored.
A kobold comes into view. It is wielding a +0 whip.
A hobgoblin comes into view.
The hobgoblin shouts!
The kobold barely misses you.
You barely miss the kobold. The kobold hits you with a +0 whip.
You closely miss the kobold. The kobold hits you with a +0 whip. x2
You barely miss the kobold. The kobold hits you but does no damage.
You hit the kobold but do no damage. You barely miss the hobgoblin.
The hobgoblin hits you. The kobold hits you with a +0 whip.
You hit the kobold.
The kobold is moderately wounded.
You hit the hobgoblin. The hobgoblin closely misses you.
The kobold hits you with a +0 whip.
You die...

####..#.##.#..###
#.....#.##.#...#.
.###............≈.
.........##.#...≈.
♣♣♣♣##...#.##.#...#.
........†.........'# ♣♣♣
♣♣♣................
.....#.###...#.##.#..#.#
......K@................
.....#g###..............
.♣. #. #...#.##.#..#.#
.. ............... ...
.....#..........
.##.###...#.##.# .. ..
#...# # .# ♣. .. ....#


You could see a hobgoblin and a kobold.

Vanquished Creatures
  A bat (D:1)
  A frilled lizard (D:1)
2 creatures vanquished.

Notes
Turn   | Place    | Note
-------+----------+-------------------------------------------
     0 | D:1      | gelatine the Demonspawn Gladiator began the quest for the
                  | Orb.
     0 | D:1      | Reached XP level 1. HP: 16/16 MP: 1/1
    66 | D:1      | Slain by a kobold

Illustrated notes

Levels and vault maps discovered:
D:1:      dpeg_arrival_rooms_with_view, layout_basic, serial_forest,
          infiniplex_forest_straight_2, infiniplex_forest_lined_3_way,
          infiniplex_forest_clump_medium, infiniplex_forest_straight_3,
          infiniplex_forest_end_3, infiniplex_forest_corner_1,
          infiniplex_forest_lined_1, infiniplex_forest_diagonal,
          minmay_misc_feat_alley, serial_bayou_pond_a, minmay_split_cup_small

Action                   || total
-------------------------++-------
Melee: War axe           ||    16
Armor: Leather armour    ||     7
Dodge: Dodged            ||    17

Table legend: (Time is in decaauts)
 A = Elapsed time spent in this place.
 B = Non-inter-level travel time spent in this place.
 C = Inter-level travel time spent in this place.
 D = Time resting spent in this place.
 E = Time spent auto-exploring this place.
 F = Levels seen in this place.
 G = Mean time per level.
                   A        B        C        D        E       F      G
               +--------+--------+--------+--------+--------+-----+--------+
         Total |     71 |     71 |      0 |      0 |     38 |   1 |   71.0 |
       Dungeon |     71 |     71 |      0 |      0 |     38 |   1 |   71.0 |
               +--------+--------+--------+--------+--------+-----+--------+

Top non-repeatable levels by time:
     D:1: 71 daAuts
